 Dungeon Crawl Stone Soup version 0.15-a0-861-g2f358d9 (webtiles) character file.

23321 Amnesiac the Conjurer (level 13, -7/79 HPs)
             Began as a Human Wizard on May 16, 2014.
             Was the Champion of Dithmenos.
             Killed by an exploding ball lightning (37 damage)
             ... created by the player character
             ... on Level 7 of the Lair of Beasts.
             The game lasted 01:48:28 (17821 turns).

Amnesiac the Conjurer (Human Wizard)               Turns: 17821, Time: 01:48:29

HP  -7/79        AC 10     Str 12      XL: 13   Next: 34%
MP  16/39        EV 15     Int 29      God: Dithmenos [******]
Gold 433         SH  0     Dex 11      Spells: 10 memorised,  2 levels left

rFire  . . .     SeeInvis .     H - +4,+2 halberd (chop)
rCold  . . .     Clarity  .     X - +1 robe {rN+}
rNeg   + . .     Conserve .     (no shield)
rPois  .         rCorr    .     b - +0 hat
rElec  .         rRot     .     U - +2 cloak {MR+}
SustAb .         Spirit   .     V - +0 pair of gloves
rMut   +         Warding  .     E - +2 pair of boots
Gourm  .         Stasis   .     C - amulet of resist mutation
MR     +....                    h - ring of magical power
                                i - ring of Xeanezab {Str+5 Int+4 Stlth-}

@: repel missiles, wreathed by umbra, somewhat resistant to hostile
enchantments, very unstealthy
A: no striking features
a: Shadow Step, Shadow Form, Renounce Religion


You were on level 7 of the Lair of Beasts.
You worshipped Dithmenos.
Dithmenos was exalted by your worship.
You were not hungry.

You visited 3 branches of the dungeon, and saw 16 of its levels.
You also visited: Sewer.

You collected 856 gold pieces.
You spent 423 gold pieces at shops.

Inventory:

Hand weapons
 v - a +2,+2 mace of protection
 F - a +3 blowgun
 H - a +4,+2 halberd of chopping (weapon)
 O - the +1,+8 shortbow "Twopt" {venom, MR++}
   (You found it on level 6 of the Lair of Beasts)

   It poisons the ammo it fires.
   It affects your resistance to hostile enchantments.
Missiles
 I - 31 poisoned needles
 Z - 3 needles of slowing
Armour
 b - a +0 hat (worn)
 E - a +2 pair of boots (worn)
 T - a +2 cloak of poison resistance
 U - a +2 cloak of magic resistance (worn)
 V - a +0 pair of gloves (worn)
 X - a +1 robe of positive energy (worn)
Magical devices
 n - a wand of disintegration (13)
 p - a wand of heal wounds (2)
 S - a wand of invisibility (2) {unknown}
Comestibles
 a - a slice of pizza
 c - a pear
 d - 10 bread rations
 f - 2 apples
 s - 2 chokos
 z - 6 lemons
 M - a honeycomb
 W - a sausage
Scrolls
 j - 3 scrolls of fear
 k - 3 scrolls of teleportation
 t - 3 scrolls of amnesia
 x - 4 scrolls of identify
 y - a scroll of fog
 J - 4 scrolls of remove curse
 K - 6 scrolls of magic mapping
 N - a scroll of vulnerability
 P - 2 scrolls of blinking
 Y - a scroll of recharging
Jewellery
 h - a ring of magical power (right hand)
 i - the ring of Xeanezab (left hand) {Str+5 Int+4 Stlth-}
   (You bought it in a shop on level 8 of the Dungeon)

   [ring of loudness]

   It affects your strength (+5).
   It affects your intelligence (+4).
   It makes you less stealthy.
 m - an uncursed ring of ice
 w - an uncursed ring of protection from cold
 A - an uncursed ring of teleportation
 C - an amulet of resist mutation (around neck)
Potions
 g - 11 potions of curing
 l - a potion of restore abilities
 o - a potion of haste
 q - a potion of magic
 r - 3 potions of might
 u - 5 potions of heal wounds
 D - 2 potions of agility
 G - 2 potions of brilliance
 R - a potion of invisibility
Books
 B - a book of Wizardry

   Spells                             Type                      Level
   Agony                              Necromancy                   5
   Force Lance                        Conjuration                  5
   Dispersal                          Translocation                6
   Haste                              Charms                       6
   Invisibility                       Hexes                        6
   Spellforged Servitor               Conjuration/Summoning        7
 L - a book of Cantrips

   Spells                             Type                      Level
   Confusing Touch                    Hexes                        1
   Animate Skeleton                   Necromancy                   1
   Summon Small Mammal                Summoning                    1
   Apportation                        Translocation                1
 Q - the Handbook of Necromancy
   (You found it on level 6 of the Lair of Beasts)

   Spells                             Type                      Level
   Pain                               Necromancy                   1
   *Sublimation of Blood              Necromancy                   2
   Control Undead                     Necromancy                   4
   Bolt of Draining                   Conjuration/Necromancy       5
   Simulacrum                         Ice/Necromancy               6
Miscellaneous
 e - a fan of gales


   Skills:
 - Level 7.0 Dodging
 - Level 2.0 Stealth
 - Level 9.0 Spellcasting
 + Level 12.8 Conjurations
 - Level 1.0 Summonings
 - Level 3.0 Translocations
 + Level 12.4 Air Magic


You had 2 spell levels left.
You knew the following spells:

 Your Spells              Type           Power        Failure   Level  Hunger
a - Repel Missiles        Chrm/Air       #####.       1%          2    None
b - Blink                 Tloc           N/A          1%          2    None
c - Conjure Ball Lightni  Conj/Air       ######....   4%          6    #####..
d - Call Imp              Summ           ###.....     4%          2    None
e - Dazzling Spray        Conj/Hex       ######..     1%          3    None
f - Airstrike             Air            ######....   1%          4    None
g - Mephitic Cloud        Conj/Pois/Air  ######..     1%          3    None
h - Sublimation of Blood  Necr           ##........   10%         2    None
q - Flight                Chrm/Air       #####.....   1%          3    None
z - Magic Dart            Conj           ####         1%          1    None


Dungeon Overview and Level Annotations

Branches:
Dungeon (8/15)             Temple (1/1) D:6            Lair (7/8) D:8
 Shoals (0/5) Lair:6        Snake (0/5) Lair:6        Slime (0/6) Lair:6

Altars:
Ashenzari
Cheibriados
Dithmenos
Fedhas
Kikubaaqudgha
Makhleb
Qazlal
Trog
Vehumet
Xom
Yredelemnul
Zin
The Shining One

Shops:
D:4 =   D:8 [:(}*

Annotations:
Lair:7 Rupert


Message History

The spray of energy hits Rupert.
Rupert is lightly wounded.
Your shadow mimicks your spell!
The shadow shard hits Rupert.
Casting: Dazzling Spray
Confirm with . or Enter, or press ? or * to list all spells.
You create some ball lightning!
Rupert hits you with a great sword of distortion!
You emit a cloud of dark smoke.
You blink.
Firing (i - inventory): No suitable missiles.
Press: ? - help, Shift-Dir - straight line, f/p - Rupert
Aim: Rupert, wielding a great sword of distortion and wearing a scale mail (black smoke, lightly wounded, berserk, umbra)
Okay, then.
Your ball lightning explodes!
The blast of lightning engulfs the plant.
The plant is severely damaged.
The blast of lightning engulfs your ball lightning.
Your ball lightning completely resists.
The blast of lightning engulfs you!
You die...

#..............###.........P§§...
..........≈§≈.#...........P§§§...
.........≈≈§≈§P.............§§...
#..)......≈§§....................
..............#....*§..........P.
.....≈........#.#..§§@).......P.P
..............#..P..§PP.......P..
...............#...*.P.........P#
......≈.§.......@....P.....PP....
.....≈≈≈..^.......P.%#......PPP!#
.P..≈≈≈≈≈...##..#...........P....
##..§≈≈§≈....##..%....P..........
#P..§≈≈≈≈≈..##........#......≈...
###..≈≈§§..###.........)....≈≈...
##P...§§....#..........%....≈....
.#....§....###.......P...........
..P.........##P.................P


You could see Rupert (berserk) and 2 friendly ball lightnings.

Vanquished Creatures
  4 hydras
  Erica (Lair:6)
  5 elephants
  3 black mambas
  7 spiny frogs
  A molten gargoyle (Lair:7)
  4 komodo dragons
  A fire drake (Lair:1)
  A queen bee (D:8)
  12 blink frogs
  A basilisk (Lair:4)
  2 elephant slugs
  Eustachio (D:4)
  21 yaks
  5 hippogriffs
  5 wolves (Lair:4)
  3 nagas (Lair:6)
  9 water moccasins
  2 sky beasts (D:8)
  A yellow wasp (D:8)
  2 orc warriors (D:8)
  A spider (D:8)
  2 phantoms
  11 porcupines
  2 centaurs (D:8)
  2 ogres
  A necrophage (D:8)
  11 crocodiles
  A boring beetle (D:8)
  8 giant slugs
  4 big kobolds (Sewer)
  10 giant frogs
  A brain worm (D:8)
  3 scorpions
  16 killer bees (D:8)
  4 lava snakes
  3 crimson imps
  4 goliath beetles
  4 hounds
  A big fish (D:6)
  3 orc wizards
  An orc priest (D:4)
  A centaur skeleton (D:6)
  4 iguanas
  2 orange rats (Lair:6)
  Natasha (thrice) (D:3)
  2 worker ants
  17 sheep
  A worker ant zombie (D:6)
  3 gnolls (D:6)
  A scorpion zombie (D:8)
  49 green rats
  2 inept feature mimics (D:4)
  26 adders
  3 giant mites
  A shadow imp (D:6)
  4 worms
  3 oozes (Sewer)
  20 orcs
  24 bats
  A bat zombie (D:8)
  14 hobgoblins
  24 jackals
  19 kobolds
  3 ball pythons (Sewer)
  9 giant cockroaches
  6 giant geckos
  A giant gecko skeleton (D:5)
  5 giant newts
  8 goblins
  13 quokkas
  32 rats
  A fungus (Lair:3)
486 creatures vanquished.

Vanquished Creatures (collateral kills)
  Grinder (D:3)
  A hippogriff (D:7)
  A water moccasin (D:7)
  The ghost of Heavyweight the Cudgeler, a weakling OgHu (Sewer)
  2 killer bees (D:8)
  Terence (D:3)
  2 orcs (D:6)
  A ball python (Sewer)
10 creatures vanquished.

Vanquished Creatures (others)
  7 ball lightnings (Lair:4)
  A killer bee (D:8)
  9 crimson imps
  4 iron imps
  3 shadow imps
  5 white imps
  A bat (Lair:6)
  A fungus (Lair:3)
  9 plants (D:8)
40 creatures vanquished.

Grand Total: 536 creatures vanquished

Notes
Turn   | Place    | Note
--------------------------------------------------------------
     0 | D:1      | Amnesiac, the Human Wizard, began the quest for the Orb.
     0 | D:1      | Reached XP level 1. HP: 13/13 MP: 4/4
   236 | D:1      | Reached XP level 2. HP: 17/19 MP: 0/6
   455 | D:3      | Noticed Terence
   968 | D:3      | Reached XP level 3. HP: 24/24 MP: 3/7
   975 | D:3      | Learned a level 3 spell: Mephitic Cloud
   978 | D:3      | Learned a level 2 spell: Blink
   981 | D:3      | Learned a level 2 spell: Call Imp
  1036 | D:3      | Killed Terence
  1577 | D:3      | Reached XP level 4. HP: 30/30 MP: 1/9
  1698 | D:3      | Noticed Grinder
  1776 | D:4      | Noticed Eustachio
  1802 | D:4      | Noticed an ogre
  1813 | D:4      | Killed an ogre
  1813 | D:4      | Reached skill level 4 in Conjurations
  1813 | D:4      | Reached XP level 5. HP: 35/35 MP: 0/11
  1906 | D:5      | Entered Level 5 of the Dungeon
  1946 | D:5      | Reached skill level 5 in Conjurations
  2234 | D:4      | Found Keadygah's Jewellery Boutique.
  2329 | D:4      | Reached XP level 6. HP: 39/41 MP: 7/12
  2599 | D:5      | Found a glowing golden altar of the Shining One.
  2796 | D:5      | Found a burning altar of Makhleb.
  2884 | D:6      | Reached skill level 6 in Conjurations
  2945 | D:6      | Found a staircase to the Ecumenical Temple.
  2954 | Temple   | Entered the Ecumenical Temple
  2967 | Temple   | Became a worshipper of Dithmenos the Shadowed
  2998 | D:6      | Reached XP level 7. HP: 46/46 MP: 1/14
  3075 | D:6      | Reached skill level 7 in Conjurations
  3281 | D:6      | Found a glowing drain.
  3302 | Sewer    | Entered a sewer
  3302 | Sewer    | Noticed Heavyweight's ghost (weakling OgHu)
  3354 | Sewer    | Killed Heavyweight's ghost
  3644 | Sewer    | Reached skill level 8 in Conjurations
  3691 | Sewer    | Reached XP level 8. HP: 46/52 MP: 8/16
  4078 | Sewer    | Acquired Dithmenos' first power
  4137 | D:6      | Reached skill level 9 in Conjurations
  4620 | D:2      | Found a snail-covered altar of Cheibriados.
  5307 | D:3      | Noticed Natasha
  5315 | D:3      | Killed Natasha
  5351 | D:3      | Found a bloodstained altar of Trog.
  5588 | D:3      | Noticed Natasha
  5592 | D:3      | Killed Natasha
  5667 | D:3      | Killed Grinder
  5732 | D:3      | Noticed Natasha
  5736 | D:3      | Killed Natasha
  6098 | D:4      | Killed Eustachio
  6098 | D:4      | Reached skill level 10 in Conjurations
  6597 | D:6      | Found a blossoming altar of Fedhas.
  6832 | D:6      | Reached XP level 9. HP: 48/57 MP: 17/17
  6836 | D:6      | Learned a level 2 spell: Repel Missiles
  7164 | D:7      | Acquired Dithmenos' second power
  7331 | D:7      | Reached skill level 5 in Spellcasting
  7427 | D:7      | Found a stormy altar of Qazlal.
  8182 | D:8      | Found Gamasm's Gadget Emporium.
  8235 | D:8      | Found Vaxewic's Assorted Antiques.
  8238 | D:8      | Found Uclol's Book Boutique.
  8400 | D:8      | Bought a shimmering silver ring for 135 gold pieces
  8402 | D:8      | Identified the ring of Xeanezab {Str+5 Int+4 Stlth-} (You bought it in a shop on level 8 of the Dungeon)
  8440 | D:8      | Found Naiteah's Antique Armour Emporium.
  8454 | D:8      | Bought a runed cloak for 144 gold pieces
  8457 | D:8      | Bought an embroidered cloak for 144 gold pieces
  8512 | D:8      | Found a staircase to the Lair.
  8512 | D:8      | Noticed an elephant
  8579 | D:8      | Reached XP level 10. HP: 63/63 MP: 25/25
  8848 | D:8      | Killed an elephant
  8982 | D:8      | Found Sasaet's Weapon Shop.
  8999 | D:8      | Noticed a queen bee
  9186 | D:8      | Found a stormy altar of Qazlal.
  9272 | D:8      | Reached skill level 11 in Conjurations
  9544 | D:8      | Acquired Dithmenos' third power
  9580 | Lair:1   | Entered Level 1 of the Lair of Beasts
  9681 | D:8      | Killed a queen bee
  9810 | Lair:1   | Learned a level 3 spell: Flight
  9871 | Lair:1   | Learned a level 4 spell: Airstrike
  9878 | Lair:1   | Learned a level 6 spell: Conjure Ball Lightning
  9963 | Lair:1   | Reached skill level 1 in Air Magic
 10154 | Lair:1   | Reached XP level 11. HP: 65/68 MP: 27/28
 10277 | Lair:1   | Noticed a spiny frog
 10313 | Lair:1   | Killed a spiny frog
 10313 | Lair:1   | Reached skill level 5 in Air Magic
 10434 | Lair:1   | Noticed a black mamba
 10437 | Lair:1   | Killed a black mamba
 10906 | Lair:2   | Noticed a five-headed hydra
 10918 | Lair:2   | Killed a five-headed hydra
 11205 | Lair:1   | Learned a level 3 spell: Dazzling Spray
 12087 | Lair:3   | Acquired Dithmenos' fourth power
 12413 | Lair:3   | Noticed a five-headed hydra
 12675 | Lair:3   | Killed a five-headed hydra
 12781 | Lair:3   | Reached skill level 10 in Air Magic
 13003 | Lair:3   | Reached XP level 12. HP: 74/74 MP: 29/29
 15093 | Lair:5   | Reached skill level 5 in Dodging
 15296 | Lair:5   | Noticed an eight-headed hydra
 15304 | Lair:5   | Killed an eight-headed hydra
 15982 | Lair:6   | Noticed a five-headed hydra
 15987 | Lair:6   | Killed a five-headed hydra
 15987 | Lair:6   | Reached skill level 12 in Conjurations
 15987 | Lair:6   | Reached XP level 13. HP: 79/79 MP: 19/30
 16158 | Lair:6   | Found a staircase to the Shoals.
 16222 | Lair:6   | Got a faintly glowing shortbow
 16223 | Lair:6   | Identified the +1,+8 shortbow "Twopt" {venom, MR++} (You found it on level 6 of the Lair of Beasts)
 16285 | Lair:6   | Identified the Handbook of Necromancy
 16496 | Lair:6   | Noticed Erica
 16498 | Lair:6   | Found a staircase to the Slime Pits.
 16507 | Lair:6   | Killed Erica
 16774 | Lair:6   | Found a staircase to the Snake Pit.
 17475 | Lair:7   | Learned a level 2 spell: Sublimation of Blood
 17804 | Lair:7   | Noticed Rupert
 17821 | Lair:7   | Killed by an exploding ball lightning

Action                   |  1- 3 |  4- 6 |  7- 9 | 10-12 | 13-15 || total
-------------------------+-------+-------+-------+-------+-------++-------
Melee: Short sword       |    15 |       |       |       |       ||    15
       Dagger            |     9 |       |       |       |       ||     9
       Mace              |     3 |    10 |    38 |       |       ||    51
       Halberd           |       |       |   103 |   236 |    34 ||   373
 Fire: Crossbow          |       |       |    13 |       |       ||    13
 Cast: Magic Dart        |    64 |    76 |   379 |   520 |   188 ||  1227
       Call Imp          |     3 |       |    22 |    19 |       ||    44
       Mephitic Cloud    |       |     3 |    18 |    39 |     1 ||    61
       Blink             |       |       |     9 |    32 |     2 ||    43
       Repel Missiles    |       |       |     1 |       |     1 ||     2
       Dazzling Spray    |       |       |       |   101 |    34 ||   135
       Airstrike         |       |       |       |    69 |     6 ||    75
       Conjure Ball Ligh |       |       |       |     3 |     1 ||     4
Evoke: Wand              |       |       |     1 |     4 |       ||     5
  Use: Scroll            |       |       |    10 |    24 |     4 ||    38
       Potion            |       |       |     2 |     6 |       ||     8
 Stab: Confused          |       |     4 |     4 |     5 |       ||    13
       Sleeping          |       |     1 |       |       |       ||     1
       Distracted        |       |       |     2 |       |       ||     2
       Invisible         |       |       |       |     7 |     2 ||     9
